 Dungeon Crawl Stone Soup version 0.29-a0-234-g0dae59b3db (webtiles) character file.

Game seed: 14469015376616572439

143 inmateoo the Insei (level 5, -1/42 HPs)
             Began as a Demonspawn Monk on Mar 2, 2022.
             Succumbed to a killer bee's poison
             ... on level 4 of the Dungeon.
             The game lasted 00:03:31 (3310 turns).

inmateoo the Insei (Demonspawn Monk)                Turns: 3310, Time: 00:03:32

Health: -1/42      AC:  9    Str: 10 (11) XL:     5   Next: 4%
Magic:  5/5        EV:  9    Int: 10 (13) God:
Gold:   146        SH:  0    Dex: 14 (16) Spells: 4/4 levels left

rFire   . . .      SeeInvis .     - Unarmed
rCold   . . .      Faith    .   (no shield)
rNeg    . . .      Spirit   .   g - +0 scale mail
rPois   .          Reflect  .   (no helmet)
rElec   .          Harm     .   (no cloak)
rCorr   .          Rampage  .   f - +0 pair of gloves
Will    .....                   (no boots)
Stlth   +.........              (no amulet)
HPRegen 0.14/turn               (no ring)
MPRegen 0.18/turn               (no ring)

@: mighty, lethally poisoned (-1 -> -13), flying, hasted, very quick
A: molten scales 1, magic regeneration
a: no special abilities


You were on level 4 of the Dungeon.
You visited 1 branch of the dungeon, and saw 4 of its levels.

You collected 146 gold pieces.

Inventory:

Missiles
 e - a throwing net (quivered)
Armour
 f - a +0 pair of gloves (worn)
 g - a +0 scale mail (worn)
Jewellery
 d - a ring of fire
Scrolls
 b - a scroll of teleportation
 h - a scroll of enchant armour {unknown}
 l - a scroll of fog {unknown}
Potions
 k - a potion of resistance


   Skills:
 + Level 3.7 Fighting
 + Level 1.6 Armour
 + Level 3.4 Dodging
 - Level 1.7 Stealth
 * Level 3.8 Unarmed Combat


You had 4 spell levels left.
You didn't know any spells.
Your spell library contained the following spells:

 Spells                   Type           Power      Damage    Failure   Level
 Ignite Poison            Fire/Tmut/Pois 0%         N/A       100%        3
 Mephitic Cloud           Conj/Pois/Air  0%         N/A       100%        3
 Tukima's Dance           Hex            0%         N/A       100%        3
 Passage of Golubria      Tloc           0%         N/A       100%        4
 Freezing Cloud           Conj/Ice/Air   0%         6-21      100%        5
 Yara's Violent Unravell  Hex/Tmut       0%         3d3       100%        5


Dungeon Overview and Level Annotations

Branches:
Dungeon (4/15)
 Temple: D:4-7

Altars:
Wu Jian


Innate Abilities, Weirdness & Mutations

You are partially covered in molten scales. (AC +2)
You regenerate magic rapidly.


Message History

You open the door.
You feel sick. The killer bee closely misses you. The killer bee stings you.
The killer bee closely misses you. The killer bee stings you. x2
You are more poisoned.
The killer bee poisons you! The killer bee closely misses you.
You feel sick.
The killer bee stings you but does no damage.
There is an open door here.
You aren't carrying any items that you can evoke.
Unknown command.
It was a potion of flight.
You feel very buoyant.
You fly up into the air.
You feel sick.
The killer bee stings you but does no damage.
The killer bee stings you!
* * * LOW HITPOINT WARNING * * *
It was a potion of might.
You feel very mighty all of a sudden.
* * * LOW HITPOINT WARNING * * *
You feel sick. The killer bee completely misses you. The killer bee stings you.
* * * LOW HITPOINT WARNING * * *
You feel better. The killer bee stings you.
* * * LOW HITPOINT WARNING * * *
You are poisoned.
The killer bee poisons you!
The killer bee stings you but does no damage.
It was a potion of degeneration.
There was something very wrong with that liquid.
You feel weakened.
You feel dopey.
You feel clumsy.
You feel sick. The killer bee barely misses you.
The killer bee stings you but does no damage.
You feel yourself speed up.
You feel sick. The killer bee stings you!
* * * LOW HITPOINT WARNING * * *
You are more poisoned.
The killer bee poisons you! The killer bee closely misses you.
Unknown command.
You aren't carrying any items that you can evoke.
Okay, then.
You miss the killer bee.
You die...

..##...######.........#
####...# #.........#
........+ #..##....##
........# #..#######
##### ###+ #...#
.#..##...#
........$#######
.#[..<..y##....## #
#...##.yy@.....# # #...
#.y##.....# #.. #..#
....## #.. +...# #####
#.. ##... #... ...# ...


You could see 4 killer bees.

Vanquished Creatures
  An orc priest (D:2)
  2 adders
  2 worms
  A dart slug (D:1)
  6 orcs
  6 ball pythons
  7 endoplasms
  4 giant cockroaches
  8 goblins
  7 hobgoblins
  2 quokkas
  10 bats
  3 frilled lizards
  6 kobolds
  12 rats
77 creatures vanquished.

Notes
Turn   | Place    | Note
-------+----------+-------------------------------------------
     0 | D:1      | inmateoo the Demonspawn Monk began the quest for the Orb.
     0 | D:1      | Reached XP level 1. HP: 18/18 MP: 1/1
   434 | D:1      | Gained mutation: You are partially covered in molten
                  | scales. (AC +2) [demonic ancestry]
   434 | D:1      | Reached XP level 2. HP: 24/24 MP: 2/2
   994 | D:2      | Gained mutation: You regenerate magic rapidly. [demonic
                  | ancestry]
   994 | D:2      | Reached XP level 3. HP: 26/29 MP: 3/3
  1205 | D:2      | Reached skill level 1 in Armour
  1920 | D:2      | Reached XP level 4. HP: 31/35 MP: 4/4
  2720 | D:3      | Found a faded altar of an unknown god.
  3214 | D:4      | Reached XP level 5. HP: 38/42 MP: 5/5
  3225 | D:4      | Found an ornate altar of the Wu Jian Council.
  3309 | D:4      | HP: 1/42 [killer bee (8)]
  3310 | D:4      | Succumbed to a killer bee's poison

Illustrated notes

Levels and vault maps discovered:
D:1:      giann_bridges, layout_rooms, minmay_pentomino_s2
D:2:      layout_rooms
D:3:      layout_loops_corners, basic_ecumenical_altar, grunt_ministairs_14,
          hex_large, amcnicky_mini_corridor_feature
D:4:      layout_gridville, mainiacjoe_overflow_alcove_1,
          nicolae_wu_jian_wuxing_cycle, temple_green, minmay_misc_feat_x

Skill      XL: |  1  2  3 |
---------------+----------+-----
Unarmed Combat | 3 |  3.8
Dodging        | 3 |  3.4
Armour         | 1 |  1.6
Fighting       | |  3.7
Stealth        | |  1.7

Action                   |  1- 3 |  4- 6 || total
-------------------------+-------+-------++-------
Melee: Unarmed           |   226 |   108 ||   334
       Punch             |     5 |     4 ||     9
  Use: Scroll            |     6 |     2 ||     8
       Potion            |       |     5 ||     5
 Stab: Sleeping          |     1 |       ||     1
Armor: Ring mail         |    86 |       ||    86
       Scale mail        |       |    57 ||    57
Dodge: Dodged            |   122 |    52 ||   174

Table legend: (Time is in decaauts)
 A = Elapsed time spent in this place.
 B = Non-inter-level travel time spent in this place.
 C = Inter-level travel time spent in this place.
 D = Time resting spent in this place.
 E = Time spent auto-exploring this place.
 F = Levels seen in this place.
 G = Mean time per level.
                   A        B        C        D        E       F      G
               +--------+--------+--------+--------+--------+-----+--------+
         Total |   3293 |   3217 |     76 |   1261 |   1203 |   4 |  823.2 |
       Dungeon |   3293 |   3217 |     76 |   1261 |   1203 |   4 |  823.2 |
               +--------+--------+--------+--------+--------+-----+--------+

Top non-repeatable levels by time:
     D:2: 1095 daAuts
     D:3: 994 daAuts
     D:1: 946 daAuts
     D:4: 257 daAuts
